 Dungeon Crawl Stone Soup version 0.22-a0-231-g1b571ea (webtiles) character file.

23401 kuniqs the Blocker (level 12, -3/114 HPs)
             Began as a Deep Dwarf Fighter on Feb 20, 2018.
             Was a High Priest of Makhleb.
             Killed from afar by a lindwurm (34 damage)
             ... with a blast of flame
             ... on level 3 of the Lair of Beasts.
             The game lasted 00:27:02 (11502 turns).

kuniqs the Blocker (Deep Dwarf Fighter)            Turns: 11502, Time: 00:27:02

Health: -3/114     AC: 17    Str: 25    XL:     12   Next: 71%
Magic:  6/6        EV: 16    Int: 10    God:    Makhleb [*****.]
Gold:   738        SH: 21    Dex: 16    Spells: 11/11 levels left

rFire    . . .     SeeInvis .   E - +5 hand axe
rCold    . . .     Gourm    .   D - +2 large shield {reflect}
rNeg     . . .     Faith    .   g - +2 ring mail {rPois}
rPois    +         Spirit   .   W - +2 hat
rElec    .         Reflect  +   t - +2 cloak
rCorr    .         Harm     .   e - +0 pair of gloves
MR       ++...                  V - +0 pair of boots
Stlth    +.........             (no amulet)
HPRegen  0.00/turn              r - ring of protection from magic
MPRegen  0.10/turn              B - +5 ring of strength

@: non-regenerating
A: damage resistance, heal wounds, sense surroundings 2, no regeneration
a: Heal Wounds, Minor Destruction, Lesser Servant of Makhleb, Major Destruction,
Greater Servant of Makhleb, Renounce Religion


You were on level 3 of the Lair of Beasts.
You worshipped Makhleb.
Makhleb was extremely pleased with you.
You were not hungry.

You visited 3 branches of the dungeon, and saw 15 of its levels.
You also visited: Sewer and Bailey.

You collected 978 gold pieces.
You spent 240 gold pieces at shops.

Inventory:

Hand Weapons
 E - a +5 hand axe (weapon)
 N - a +0 broad axe
 Q - a +0 morningstar
Missiles
 H - a throwing net (quivered)
Armour
 e - a +0 pair of gloves (worn)
 g - a +2 ring mail of poison resistance (worn)
 t - a +2 cloak (worn)
 D - a +2 large shield of reflection (worn)
 V - a +0 pair of boots (worn)
 W - a +2 hat (worn)
Jewellery
 r - a ring of protection from magic (left hand)
 B - a +5 ring of strength (right hand)
 R - an uncursed ring of see invisible
 T - an uncursed ring of ice
Wands
 c - a wand of polymorph (3)
 n - a wand of flame (85)
 I - a wand of scattershot (6)
 J - a wand of clouds (5)
 K - a wand of iceblast (11)
 M - a wand of paralysis (10)
 Y - a wand of digging (19)
Scrolls
 h - 4 scrolls of magic mapping
 i - 7 scrolls of remove curse {@r2}
 j - a scroll of enchant armour {unknown}
 k - 2 scrolls of immolation {unknown}
 l - 7 scrolls of teleportation
 p - 3 scrolls of fear {unknown}
 q - 3 scrolls of enchant weapon {unknown}
 v - a scroll of fog {unknown}
 x - 3 scrolls of blinking {unknown}
 y - 3 scrolls of identify {@r1}
 C - a scroll of summoning {unknown}
 F - 2 scrolls of random uselessness {unknown}
 G - a scroll of noise {unknown}
 L - 2 scrolls of amnesia {unknown}
 X - a scroll of vulnerability {unknown}
Potions
 a - 4 potions of haste {unknown}
 b - 2 potions of experience {unknown}
 d - a potion of might
 m - 15 potions of curing {@q1}
 o - a potion of resistance
 s - 3 potions of lignification
 u - 4 potions of heal wounds
 w - 3 potions of flight
 z - a potion of mutation {unknown}
 A - 3 potions of degeneration {unknown}
 O - 2 potions of magic {unknown}
 P - a potion of agility {unknown}
 S - a potion of ambrosia {unknown}
Comestibles
 f - 23 rations
 U - 6 chunks of flesh


   Skills:
 + Level 9.2 Fighting
 + Level 10.6 Axes
 + Level 10.8 Armour
 + Level 10.4 Dodging
 + Level 10.8 Shields
 - Level 6.0 Invocations


You had 11 spell levels left.
You didn't know any spells.

Dungeon Overview and Level Annotations

Branches:
Dungeon (11/15)            Temple (1/1) D:4            Lair (3/6) D:8
    Orc (0/2) D:10
  Swamp: Lair:2-4    Shoals: Lair:2-4     Snake: Lair:2-4    Spider: Lair:2-4

Altars:
Ashenzari
Cheibriados
Gozag
Makhleb
Nemelex Xobeh
Okawaru
Sif Muna
Trog
Uskayaw
Wu Jian
Xom
Zin

Shops:
D:7 }[*(   D:8 (

Annotations:
D:2 1 runed door


Innate Abilities, Weirdness & Mutations

You are resistant to damage.
You can heal yourself by infusing magical energy.
You passively map the area around you.
You do not regenerate.


Message History

A killer bee is nearby!
The killer bee buzzes angrily.
You hit the killer bee but do no damage.
The killer bee stings you.
* * * LOW HITPOINT WARNING * * *
You block the killer bee's attack.
You closely miss the killer bee. The killer bee barely misses you.
Your smoke demon hits the killer bee!
Your smoke demon closely misses the killer bee.
Your smoke demon misses the killer bee.
You slash the killer bee!
You kill the killer bee!
Makhleb accepts your kill.
Your smoke demon gestures at the lindwurm.
The lindwurm is smitten.
The lindwurm breathes flames at you.
The blast of flame hits your smoke demon.
Your smoke demon resists.
The blast of flame hits you!
You die...

♣........................,
, ........................
, ....................... .
PP....#######.#†###.P#* P.
##....#.#PP#####.##.###...
* *
#......<÷P.....†.†........
,
.......÷..................,
........>.................
*
,.....(........@...†###..#
**####.....##P.†3##.#.# ##
, **#.....##.....##### * ,
, ......##P....kP. ,,, , ,
...............( ........*
, ,.................
,......P , , ,..........#..
......* ,,,*
.#.#.....##...##....# ** *
* , , * ...#.k...#


You could see a lindwurm and a friendly smoke demon.

Vanquished Creatures
  Fannar (D:11)
  A hydra (Lair:3)
  3 two-headed ogres
  An unseen horror (D:11)
  An ugly thing (D:11)
  A black mamba (Lair:3)
  Joseph (D:8)
  A spiny frog (Lair:3)
  The ghost of Nico3ck the Chopper, a novice FoFi (D:5)
  A rime drake (Lair:2)
  A centaur skeleton (D:10)
  A komodo dragon (Lair:3)
  A troll (D:10)
  A hornet (D:9)
  2 hippogriffs
  8 blink frogs (Lair:1)
  Sigmund (D:5)
  6 yaks
  Grum (D:8)
  A wraith (D:11)
  A basilisk (Lair:1)
  A hungry ghost (D:10)
  2 steam dragons
  2 soldier ants (D:9)
  4 water moccasins
  Duvessa (D:6)
  9 porcupines
  2 necrophages
  2 orc warriors
  An ice beast (D:11)
  2 sky beasts (D:6)
  2 black bears (D:8)
  2 eyes of draining
  6 ogres
  2 phantoms
  A centaur (D:6)
  10 wolves
  6 crocodiles
  2 big kobolds
  11 bullfrogs
  A gnoll sergeant (D:9)
  A wyvern zombie (D:6)
  A scorpion (D:8)
  3 troll zombies (D:10)
  Dowan (D:6)
  3 wights (D:8)
  28 killer bees
  10 howler monkeys
  3 centaur zombies
  2 crimson imps
  6 hounds
  A bullfrog skeleton (D:9)
  7 orc priests
  2 jellies
  Natasha (thrice) (D:3)
  3 iguanas
  3 orc wizards
  4 worker ants
  5 ogre zombies (D:10)
  2 hound skeletons
  15 gnolls
  18 adders
  A river rat (Sewer)
  6 shadow imps
  An ooze (D:2)
  4 adder skeletons
  2 worms
  3 dart slugs
  A leopard gecko (D:6)
  20 orcs
  10 bats
  5 giant cockroaches
  16 goblins
  11 hobgoblins
  9 jackals
  6 quokkas
  4 ball pythons
  8 frilled lizards
  A goblin skeleton (D:10)
  5 goblin zombies (D:10)
  2 hobgoblin zombies (D:10)
  21 kobolds
  An orc skeleton (D:10)
  16 orc zombies (D:10)
  A quokka skeleton (D:5)
  A quokka zombie (D:6)
  9 rats
  4 fungi
  2 plants (D:8)
396 creatures vanquished.

Vanquished Creatures (collateral kills)
  Gastronok (D:8)
  An orc warlord (Bailey)
  Snorg (Lair:3)
  2 hydras
  An orc knight (Bailey)
  A wyvern (Lair:1)
  A water moccasin (Lair:3)
  A crocodile (Lair:1)
  3 killer bees (Lair:3)
  An orc wizard (D:11)
  2 orcs (D:11)
  A hobgoblin (Bailey)
16 creatures vanquished.

Vanquished Creatures (others)
  An orc (D:7)
  4 kobolds (Bailey)
  A bush (Lair:3)
  18 fungi
  6 plants
30 creatures vanquished.

Grand Total: 442 creatures vanquished

Notes
Turn   | Place    | Note
-------+----------+-------------------------------------------
     0 | D:1      | kuniqs the Deep Dwarf Fighter began the quest for the Orb.
     0 | D:1      | Reached XP level 1. HP: 20/20 MP: 1/1
   204 | D:1      | Reached XP level 2. HP: 27/27 MP: 2/2
   418 | D:1      | Reached skill level 1 in Dodging
   673 | D:2      | Reached XP level 3. HP: 30/34 MP: 3/3
   779 | D:2      | Reached XP level 4. HP: 29/42 MP: 4/4
  1227 | D:2      | Found a snail-covered altar of Cheibriados.
  1230 | D:2      | Found a glowing silver altar of Zin.
  1441 | D:2      | Found a runed door.
  2024 | D:2      | Reached XP level 5. HP: 45/49 MP: 4/4
  2109 | D:3      | Noticed Natasha
  2118 | D:3      | Killed Natasha
  2123 | D:3      | Noticed Natasha
  2134 | D:3      | Killed Natasha
  2399 | D:3      | Reached XP level 6. HP: 40/56 MP: 5/5
  2620 | D:3      | Noticed Natasha
  2625 | D:3      | Killed Natasha
  2805 | D:4      | Reached XP level 7. HP: 40/64 MP: 4/4
  2810 | D:4      | Reached skill level 5 in Armour
  2821 | D:4      | Reached skill level 5 in Shields
  3122 | D:4      | Found a staircase to the Ecumenical Temple.
  3158 | Temple   | Entered the Ecumenical Temple
  3175 | Temple   | Became a worshipper of Makhleb the Destroyer
  3220 | D:4      | Found a glowing drain.
  3225 | Sewer    | Entered a sewer
  3330 | Sewer    | Found a white marble altar of Elyvilon.
  3495 | D:5      | Entered Level 5 of the Dungeon
  3528 | D:5      | Reached skill level 1 in Invocations
  3615 | D:5      | Found a bloodstained altar of Trog.
  3792 | D:5      | Reached skill level 5 in Axes
  3792 | D:5      | Reached XP level 8. HP: 52/73 MP: 6/6
  3914 | D:5      | Noticed Nico3ck's ghost (novice FoFi)
  3947 | D:6      | Noticed Duvessa
  3947 | D:6      | Noticed Dowan
  4099 | D:5      | Reached * piety under Makhleb
  4550 | D:6      | Found a sparkling altar of Nemelex Xobeh.
  4574 | D:6      | Reached skill level 5 in Fighting
  4608 | D:6      | Reached skill level 5 in Dodging
  4796 | D:6      | Killed Dowan
  4900 | D:7      | Found Wunoakie's Armour Shoppe.
  4944 | D:7      | Reached ** piety under Makhleb
  4967 | D:7      | Gained mutation: You passively map the area around you. [Deep Dwarf growth]
  4967 | D:7      | Reached XP level 9. HP: 76/81 MP: 6/8
  5047 | D:7      | Found Qamit's Antique Weapon Emporium.
  5185 | D:7      | Found Xowing's General Store.
  5452 | D:7      | Found Zublorch's Gadget Shop.
  5550 | D:7      | Bought a +2 large shield of reflection for 240 gold pieces
  5611 | D:8      | Noticed Joseph
  5633 | D:8      | Noticed a two-headed ogre
  5633 | D:8      | Killed Joseph
  5650 | D:8      | HP: 3/81 [two-headed ogre/giant club (16)]
  5655 | D:8      | Killed a two-headed ogre
  5655 | D:8      | Reached skill level 5 in Invocations
  5744 | D:8      | Noticed Grum
  5777 | D:8      | Killed Grum
  5780 | D:8      | Reached XP level 10. HP: 43/91 MP: 7/7
  5827 | D:8      | Found a staircase to the Lair.
  5966 | D:8      | Reached *** piety under Makhleb
  6023 | D:8      | Noticed Gastronok
  6043 | D:8      | Killed Gastronok
  6480 | D:8      | Found Zomme's Antique Weapon Shoppe.
  6765 | D:6      | Killed Duvessa
  7022 | D:5      | Noticed Sigmund
  7038 | D:5      | Killed Sigmund
  7172 | D:5      | Killed Nico3ck's ghost
  7465 | D:9      | Found a burning altar of Makhleb.
  7577 | D:9      | Reached XP level 11. HP: 83/100 MP: 8/8
  7725 | D:9      | Found a hide-covered altar of Uskayaw.
  7916 | D:9      | FUCK
  7933 | D:10     | Entered Level 10 of the Dungeon
  8198 | D:10     | Found a staircase to the Orcish Mines.
  8216 | D:10     | Reached **** piety under Makhleb
  8603 | D:11     | Noticed a cyan ugly thing
  8612 | D:11     | Killed a cyan ugly thing
  8695 | D:11     | Killed an unseen horror
  8750 | D:11     | Noticed a two-headed ogre
  8764 | D:11     | Killed a two-headed ogre
  8794 | D:11     | Found a flagged portal.
  8810 | Bailey   | Entered a bailey
  8815 | Bailey   | Noticed an orc warlord
  8836 | Bailey   | Reached ***** piety under Makhleb
  8900 | Bailey   | Found a runed gate.
  8902 | Bailey   | Found a runed gate.
  8904 | Bailey   | Found a runed gate.
  8911 | Bailey   | Noticed an orc knight
  8942 | Bailey   | Killed an orc knight
  8971 | Bailey   | Killed an orc warlord
  9324 | D:11     | Noticed a two-headed ogre
  9344 | D:11     | Killed a two-headed ogre
  9435 | D:11     | Noticed Fannar
  9459 | D:11     | Killed Fannar
  9917 | Lair:1   | Entered Level 1 of the Lair of Beasts
  9948 | Lair:1   | Reached skill level 10 in Armour
  9948 | Lair:1   | Reached XP level 12. HP: 67/112 MP: 7/7
 10057 | Lair:1   | Reached skill level 10 in Shields
 10100 | Lair:1   | Noticed an eight-headed hydra
 10130 | Lair:1   | Killed a nine-headed hydra
 10140 | Lair:1   | Reached skill level 10 in Axes
 11173 | Lair:3   | Noticed a seven-headed hydra
 11218 | Lair:3   | Noticed a six-headed hydra
 11231 | Lair:3   | Killed a six-headed hydra
 11231 | Lair:3   | Reached skill level 10 in Dodging
 11326 | Lair:3   | Killed a seven-headed hydra
 11417 | Lair:3   | Noticed Snorg
 11492 | Lair:3   | Killed Snorg
 11502 | Lair:3   | Killed from afar by a lindwurm

Vault maps used:
D:1:      minmay_arrival_loop, corexii_hall_statues_i
D:2:      nicolae_overflow_hidden_temple, serial_glass, glass_columns_c,
          glass_columns_b, first_ration, uniq_crazy_yiuf_cottage
D:3:      uniq_natasha
D:4:      kennysheep_spiral_hall, temple_pool_b, portal_sewer_entry_e
D:5:      trog_hazing_becter, uniq_sigmund
D:6:      kennysheep_steamy, nemelex_lonely_heart_becter, uniq_duvessa
D:7:      serial_shops, nicolae_shop_crystal, shop, shop_fountains,
          shop_fountains
D:8:      due_lair_maze_entry_diamond, serial_shops, shop_coins, uniq_joseph,
          uniq_gastronok, uniq_grum
D:9:      eat_drink_and_be_merry_uskayaw, hangedman_pestilent_swarm,
          makhleb_blood_cavern_becter
D:10:     zombieorc2_lemuel
D:11:     enter_bailey_3, uniq_fannar
Temple:   compressed_dpeg_circular_temple
Lair:2:   serial_bayou_shore_a
Lair:3:   wad_woods_minihive, dummy_spider_entry, uniq_snorg
Sewer:    sewer_kobolds
Bailey:   bailey_axe_bossmonster_kennysheep, bailey

Skill      XL: |  1  2  3  4  5  6  7  8  9 10 11 12 |
---------------+-------------------------------------+-----
Dodging        | 1 2 3 4 5 6 8 9 10 | 10.4
Fighting       | 3 4 5 6 7 8 9 |  9.2
Axes           | 3 4 5 6 7 8 9 10 | 10.6
Armour         | 4 5 6 7 8 10 | 10.8
Shields        | 4 5 6 7 8 9 10 | 10.8
Invocations    | 2 4 6 |  6.0

Action                   |  1- 3 |  4- 6 |  7- 9 | 10-12 || total
-------------------------+-------+-------+-------+-------++-------
Melee: War axe           |   123 |   250 |   422 |    52 ||   847
       Hand axe          |       |       |       |  1041 ||  1041
       Morningstar       |       |       |       |    18 ||    18
Invok: Lesser Servant of |       |       |       |    11 ||    11
 Abil: Heal Wounds       |       |     6 |    13 |    15 ||    34
Evoke: Wand              |       |       |       |     9 ||     9
  Use: Scroll            |       |     1 |     7 |     2 ||    10
       Potion            |       |       |     1 |       ||     1
 Stab: Paralysed         |       |       |       |     6 ||     6
       Distracted        |       |       |       |     2 ||     2
  Eat: Chunk             |       |     7 |    10 |    16 ||    33
       Ration            |       |       |       |     2 ||     2
Armor: Scale mail        |    12 |       |       |       ||    12
       Plate armour      |    85 |   187 |    46 |       ||   318
       Ring mail         |       |       |   131 |   254 ||   385
Dodge: Dodged            |    23 |    76 |   171 |   398 ||   668
Block: Shield            |    65 |   182 |   173 |       ||   420
       Large shield      |       |       |   166 |  1123 ||  1289
       Reflection        |       |       |       |    36 ||    36

Table legend:
 A = Spawn XP
 B = Non-spawn XP
 C = Spawn XP percentage of total XP
 D = Spawn monster count
 E = Non-spawn monster count
 F = Spawn count percentage of total count
 G = Total turns spent on level
                    A         B        C        D         E        F      G
               +---------+---------+-------+---------+---------+-------+---------
         Total |       0 |   33430 |   0.0 |       0 |     410 |   0.0 | 11502
               +---------+---------+-------+---------+---------+-------+---------
           D:1 |       0 |      39 |   0.0 |       0 |      23 |   0.0 |   662
           D:2 |       0 |     165 |   0.0 |       0 |      35 |   0.0 |  1213
           D:3 |       0 |     341 |   0.0 |       0 |      27 |   0.0 |   964
           D:4 |       0 |     575 |   0.0 |       0 |      19 |   0.0 |   578
           D:5 |       0 |    1083 |   0.0 |       0 |      17 |   0.0 |   922
           D:6 |       0 |    1466 |   0.0 |       0 |      26 |   0.0 |  1027
           D:7 |       0 |     798 |   0.0 |       0 |      20 |   0.0 |   772
           D:8 |       0 |    5726 |   0.0 |       0 |      40 |   0.0 |  1199
           D:9 |       0 |    1175 |   0.0 |       0 |      18 |   0.0 |   652
          D:10 |       0 |    2077 |   0.0 |       0 |      47 |   0.0 |   689
          D:11 |       0 |    5947 |   0.0 |       0 |      30 |   0.0 |   796
        Temple |       0 |       2 |   0.0 |       0 |       1 |   0.0 |    34
        Lair:1 |       0 |    4218 |   0.0 |       0 |      19 |   0.0 |   712
        Lair:2 |       0 |    1621 |   0.0 |       0 |      11 |   0.0 |   563
        Lair:3 |       0 |    6245 |   0.0 |       0 |      42 |   0.0 |   310
         Sewer |       0 |     124 |   0.0 |       0 |      11 |   0.0 |   152
        Bailey |       0 |    1828 |   0.0 |       0 |      24 |   0.0 |   257
               +---------+---------+-------+---------+---------+-------+---------
